Workbook
Name \0: #REF!
Name \0: #REF!
Name \0: #REF!
Name \00: #REF!
Name \00: #REF!
Name \00: #REF!
Name \a: #REF!
Name \a: #REF!
Name \a: #REF!
Name \AA: [1]LIQUIDACION!#REF!
Name \AA: [1]LIQUIDACION!#REF!
Name \AA: [1]LIQUIDACION!#REF!
Name \b: [2]STRSUMM0!#REF!
Name \b: [2]STRSUMM0!#REF!
Name \b: [2]STRSUMM0!#REF!
Name \bb: [2]STRSUMM0!#REF!
Name \bb: [2]STRSUMM0!#REF!
Name \bb: [2]STRSUMM0!#REF!
Name \E: #REF!
Name \E: #REF!
Name \E: #REF!
Name \EE: #REF!
Name \EE: #REF!
Name \EE: #REF!
Name \G: #REF!
Name \G: #REF!
Name \G: #REF!
Name \k: '[3]7422CW00'!#REF!
Name \k: '[3]7422CW00'!#REF!
Name \k: '[3]7422CW00'!#REF!
Name \l: [4]STRSUMM0!#REF!
Name \l: [4]STRSUMM0!#REF!
Name \l: [4]STRSUMM0!#REF!
Name \M: #REF!
Name \M: #REF!
Name \M: #REF!
Name \ñ: '[5]7422CW00'!#REF!
Name \ñ: '[5]7422CW00'!#REF!
Name \ñ: '[5]7422CW00'!#REF!
Name \P: #REF!
Name \P: #REF!
Name \P: #REF!
Name \R: #REF!
Name \R: #REF!
Name \R: #REF!
Name \s: #REF!
Name \s: #REF!
Name \s: #REF!
Name \V: #REF!
Name \V: #REF!
Name \V: #REF!
Name \X: APU!ERR
Name \X: 'FORMULARIO 01'!ERR
Name \X: [0]!ERR
Name \Z: APU!ERR
Name \Z: 'FORMULARIO 01'!ERR
Name \Z: [0]!ERR
Name _: #REF!
Name _________AFC1: [6]INV!$A$25:$D$28
Name _________AFC3: [6]INV!$F$25:$I$28

Sheet FORMULARIO 01
B2: FORMULARIO 1
B3: PRESUPUESTO OFICIAL
B4: “REPARACIONES LOCATIVAS EN LA INFRAESTRUCTURA DONDE FUNCIONA EL PROGRAMA CASA DE LA MUJER EMPODERADA A CARGO DE LA SECRETARIA DE LAS MUJERES Y EQUIDAD DE GENERO "
C5: ITEM DE PAGO | D5: DESCRIPCION | E5: UND | F5: CANTIDAD | G5: VALOR UNITARIO | H5: VALOR TOTAL
C6: =+APU!A4 -> 001 | D6: =+APU!C4 -> PRELIMINARES
C7: =+APU!A7 -> 001.043 | D7: =+APU!C7 -> ROCERIA Y LIMPIEZA | E7: =+APU!E7 -> M2 | F7: 7 | G7: =+APU!$J$7 -> 3428 | H7: =ROUND(G7*F7,0) -> 23996
B8: Subtotal | H8: =+H7 -> 23996
C9: =+APU!A13 -> 002 | D9: =+APU!C13 -> MOVIMIENTO DE TIERRAS
C10: =+APU!A16 -> 002.032 | D10: =+APU!C16 -> RETIRO DE MATERIAL SOBRANTE EN VOLQUETA, CARGUE MANUAL | E10: =+APU!E16 -> M3 | F10: 12 | G10: =+APU!$J$16 -> 60395 | H10: =ROUND(G10*F10,0) -> 724740
C11: 002.083 | D11: =+APU!C22 -> EXCAVACION MANUAL | E11: =+APU!E22 -> M3 | F11: =70*0.2*0.6 -> 8.4 | G11: =+APU!J22 -> 30238 | H11: =ROUND(G11*F11,0) -> 253999
B12: Subtotal | H12: =SUM(H10:H11) -> 978739
C13: =+APU!A64 -> 005 | D13: =+APU!C64 -> ESTRUCTURAS EN CONCRETO, METALICAS Y DE MADERA
C14: =+APU!A91 -> 005.056 | D14: =+APU!C91 -> SUMINISTRO, TRANSPORTE E INSTALACION JUNTA DE DILATACION PARA PLACA CONTRAPISO (Inlcuye sellante) | E14: =+APU!E91 -> ML | F14: 16 | G14: =+APU!$J$91 -> 21617 | H14: =ROUND(G14*F14,0) -> 345872
C15: =+APU!A67 -> 005.011 | D15: =+APU!C67 -> SUMINISTRO, TRANSPORTE E INSTALACION PLACA CONTRAPISO CONCRETO 3000 PSI E=0.10 m | E15: =+APU!E67 -> M2 | F15: =+F81 -> 25 | G15: =+APU!J67 -> 138017 | H15: =ROUND(G15*F15,0) -> 3450425
C16: 005.079 | D16: =+APU!C99 -> SUMINISTRO, TRANSPORTE E INSTALACION CINTA SIKA PVC V - 10 PARA JUNTAS | E16: =+APU!E99 -> ML | F16: =+F62 -> 21 | G16: =+APU!$J$99 -> 40035 | H16: =ROUND(G16*F16,0) -> 840735
C17: 005.106 | D17: =+APU!C107 -> SUMINISTRO, TRANSPORTE E INSTALACION MALLA ELECTROSOLDADA M-442 Q-9 DIAMETRO 7,50 MM C/.10 M EN AMBOS SENTIDOS. PESO 7 KG/M2. INCLUYE ALAMBRE NEGRO, COLOCACIÓN Y TRASLAPO. | E17: =+APU!E107 -> M2 | F17: =+F15 -> 25 | G17: =+APU!$J$107 -> 54398 | H17: =ROUND(G17*F17,0) -> 1359950
B18: Subtotal | H18: =SUM(H14:H17) -> 5996982
C19: =+APU!A128 -> 007 | D19: =+APU!C128 -> INSTALACIONES HIDRAULICAS
C20: =+APU!A154 -> 007.120 | D20: =+APU!C154 -> SONDEO DE TUBERÍAS Y BAJANTES DE AGUAS LLUVIA | E20: =+APU!E154 -> ML | F20: =3*20 -> 60 | G20: =+APU!$J$154 -> 7855 | H20: =ROUND(G20*F20,0) -> 471300
B21: Subtotal | H21: =+H20 -> 471300
C22: =+APU!A175 -> 08B | D22: =+APU!C175 -> INSTALACIONES ELECTRICAS - REDES INTERNAS
C23: =+APU!A187 -> 08B.311 | D23: =+APU!C187 -> DESMONTE Y RETIRO DE REDES ELÉCTRICAS PARÁSITAS. INCLUYE ANDAMIO CERTIFICADO | E23: =+APU!E187 -> ML | F23: 40 | G23: =+APU!$J$187 -> 9055 | H23: =ROUND(G23*F23,0) -> 362200
B24: Subtotal | H24: =+H23 -> 362200
C25: =+APU!A194 -> 009 | D25: =+APU!C194 -> REVOQUES-RESANES
C26: =+APU!A197 -> 009.005 | D26: =+APU!C197 -> SUMINISTRO,TRANSPORTE E INSTALACION REVOQUE LISO MUROS 1:3 IMPERMEABILIZADO (INCLUYE FILOS Y DILATACIONES) PARA ALTURAS MENORES A 3 METROS | E26: =+APU!E197 -> M2 | F26: 318.86588 | G26: =+APU!$J$197 -> 56251 | H26: =ROUND(G26*F26,0) -> 17936525
C27: =+APU!A206 -> 009.006 | D27: =+APU!C206 -> SUMINISTRO,TRANSPORTE E INSTALACION REVOQUE LISO MUROS 1:3 IMPERMEABILIZADO (INCLUYE FILOS Y DILATACIONES) ANCHO < 0.50 M. | E27: =+APU!E206 -> ML | F27: =+CALCULOS!G28*0.15 -> 122.67 | G27: =+APU!$J$206 -> 32319 | H27: =ROUND(G27*F27,0) -> 3964572
C28: =+APU!A215 -> 009.022 | D28: =+APU!C215 -> SUMINISTRO, TRANSPORTE E INSTALACION CARTERA VENTANAS EN MORTERO 1:3 ANCHO 15-20 CMS. | E28: =+APU!E215 -> ML | F28: 10 | G28: =+APU!$J$215 -> 33004 | H28: =ROUND(G28*F28,0) -> 330040
B29: Subtotal | H29: =SUM(H26:H28) -> 22231137
C30: =+APU!A229 -> 010 | D30: =+APU!C229 -> CUBIERTAS
C31: =+APU!A232 -> 010.013 | D31: =+APU!C232 -> SUMINISTRO, TRANSPORTE E INSTALACION IMPERMEABILIZACION Tipo Manto Morter Plas AL-80 de 3.5 mm con foil de aluminio o Similar. INCLUYE (Canales y/o cubiertas planas, incluye media cañas, remates, pintura bituminosa) | E31: =+APU!E232 -> M2 | F31: =+CALCULOS!G3 -> 161.47 | G31: =+APU!$J$232 -> 63141 | H31: =ROUND(G31*F31,0) -> 10195377
D32: =+APU!C256 -> RECORRIDO DE CUBIERTA (SIN REEMPLAZO DE TEJAS) | E32: =+APU!E256 -> m2 | F32: =+CALCULOS!$G$10 -> 547.0225 | G32: =+APU!$J$256 -> 9542 | H32: =ROUND(G32*F32,0) -> 5219689
C33: =+APU!A243 -> 010.023 | D33: =+APU!C243 -> SUMINISTRO, TRANSPORTE E INSTALACION FLANCHE EN LAMINA GALVANIZADA Cal .20 d/ 1.00 m. (Suministro e instalación con wash primer + esmalte + anclaje a muro + silicona) | E33: =+APU!E243 -> ML | F33: 140 | G33: =+APU!$J$243 -> 80067 | H33: =ROUND(G33*F33,0) -> 11209380
B34: Subtotal | H34: =SUM(H31:H33) -> 26624446
C35: =+APU!A263 -> 011 | D35: =+APU!C263 -> CIELO RASOS
C36: =+APU!A266 -> 011.009 | D36: =+APU!C266 -> SUMINISTRO, TRANSPORTE E INSTALACIÓN DE CIELO RASO EN LÁMINAS DE PVC A TODO COSTO. INCLUYE ESTRUCTURA METÁLICA, PERIMETRALES Y HASTA 2 CAJAS DE INSPECCION DE 0.60 X 0.60 CADA 30 M2. TEXTURA SEGÚN DISEÑO | E36: =+APU!E266 -> M2 | F36: =+CALCULOS!$G$21 -> 136.32 | G36: =+APU!$J$266 -> 86678 | H36: =ROUND(G36*F36,0) -> 11815945
B37: Subtotal | H37: =SUM(H35:H36) -> 11815945
C38: =+APU!A269 -> 012 | D38: =+APU!C269 -> PISOS - ACABADOS
C39: =+APU!A272 -> 012.007 | D39: =+APU!C272 -> SUMINISTRO, TRANSPORTE E INSTALACION CERAMICA PISO ANTIQUE TIPO ALFA O SIMILAR. COLOR BEIGE O BLANCO SEGÚN DISEÑO (INCLUYE BOQUILLA.). INCLUYE MORTERO DE PEGA Y/O NIVELACIÓN. | E39: =+APU!E272 -> M2 | F39: =+F80 -> 12 | G39: =+APU!$J$272 -> 117869 | H39: =ROUND(G39*F39,0) -> 1414428
C40: 012.031 | D40: =+APU!C284 -> SUMINISTRO, TRANSPORTE E INSTALACION GUARDAESCOBA CERAMICA TIPO ANTIQUE H = 10 CM. TIPO ALFA O SIMILAR. COLOR BEIGE O BLANCO SEGÚN DISEÑO (INCLUYE BOQUILLA.). INCLUYE MORTERO DE PEGA Y/O NIVELACIÓN | E40: =+APU!E284 -> ML | F40: =+F85 -> 15.5 | G40: =+APU!$J$284 -> 35150 | H40: =ROUND(G40*F40,0) -> 544825
C41: =+APU!A314 -> 012.078 | D41: =+APU!C314 -> SUMINISTRO, TRANSPORTE E INSTALACIÓN DE CINTA-ANTIDESLIZANTE COLOR NEGRA 48MM, PARA PISOS, ESCALAS, RAMPAS Y ACCESOS INCLUYE ( TODOS LOS ACCESORIOS PARA SU CORRECTA INSTALACION,SEGÚN DISEÑO) | E41: =+APU!E314 -> ML | F41: 10 | G41: =+APU!$J$314 -> 24961 | H41: =ROUND(G41*F41,0) -> 249610
B42: Subtotal | H42: =SUM(H39:H41) -> 2208863
C43: =+APU!A321 -> 014 | D43: =+APU!C321 -> VIDRIOS Y ESPEJOS
C44: =+APU!A324 -> 014.003 | D44: =+APU!C324 -> REINSTALACIÓN DE VIDRIO TRASLUCIDO 4 MM | E44: =+APU!E324 -> M2 | F44: =+F75 -> 10 | G44: =+APU!$J$324 -> 11523 | H44: =ROUND(G44*F44,0) -> 115230
B45: Subtotal | H45: =SUM(H44) -> 115230
C46: 015 | D46: =+APU!C330 -> APARATOS SANITARIOS
C47: 015.002 | D47: =+APU!C333 -> SUMINISTRO, TRANSPORTE E INSTALACION COMBO Tipo AVANTI Color Blanco Ref. 30336100K Tipo Corona o Similar. (Incluye Sanitario Redondo Avanti con tapa y tanque, lavamanos de pedestal avanti accesorios de conexión e instalación.) más Conjunto Grifería Lavamanos Prysma 4" con sifón botella, desague sencillo y grapas. | E47: =+APU!E333 -> UND | F47: 4 | G47: =+APU!$J$333 -> 925190 | H47: =ROUND(G47*F47,0) -> 3700760
B48: Subtotal | H48: =SUM(H47) -> 3700760
C49: =+APU!A341 -> 017 | D49: =+APU!C341 -> CARPINTERIA METALICA
C50: =+APU!A344 -> 017.028 | D50: =+APU!C344 -> SUMINISTRO, TRANSPORTE E INSTALACION VENTANA PROYECTANTE FIJA EN ALUMINIO ANODIZADO VIDRIO 4 MM (INCLUYE MARCO EN PERFILERIA PB 3831 O SIMILAR Y VIDRIO CRISTAL DE 4 MM. ). INCLUYE EL SUMINISTRO DE TODOS LOS ACCESORIOS REQUERIDOS PARA EL CORRECTO MONTAJE, ASI COMO EL SUMINISTRO E INSTALACIÓN DE LA SILICONA QUE SEA REQUERIDA PARA GARANTIZAR UNA PERFECTA INSTALACIÓN. SEGUN DETALLE. | E50: =+APU!E344 -> M2 | F50: 6 | G50: =+APU!J344 -> 400572 | H50: =ROUND(G50*F50,0) -> 2403432
B51: Subtotal | H51: =SUM(H50) -> 2403432
C52: =+APU!A347 -> 019 | D52: =+APU!C347 -> PINTURA
C53: 019.003 | D53: =+APU!C361 -> SUMINISTRO, TRANSPORTE E INSTALACION ESTUCO Y VINILO 3 MANOS SOBRE MURO EXTERIOR (INCLUYE ESTUCO, 1 MANO EN PINTURA TIPO 2 Y DOS MANOS EN PINTURA TIPO 1, FILOS Y DILATACIONES). COLOR SEGÚN DISEÑO POR M2 | E53: =+APU!E361 -> M2 | F53: =+F26 -> 318.86588 | G53: =+APU!J361 -> 32715 | H53: =ROUND(G53*F53,0) -> 10431697
C54: 019.004 | D54: =+APU!C373 -> SUMINISTRO, TRANSPORTE E INSTALACION ESTUCO Y VINILO 3 MANOS SOBRE MURO EXTERIOR (INCLUYE ESTUCO, 1 MANO EN PINTURA TIPO 2 Y DOS MANOS EN PINTURA TIPO 1, FILOS Y DILATACIONES). COLOR SEGÚN DISEÑO POR ML | E54: =+APU!E373 -> ML | F54: =+F27 -> 122.67 | G54: =+APU!$J$373 -> 20217 | H54: =ROUND(G54*F54,0) -> 2480019
C55: =+APU!A396 -> 019.006 | D55: =+APU!C396 -> SUMINISTRO, TRANSPORTE E INSTALACION PINTURA SOBRE REVOQUE VINILO 3 MANOS SOBRE MURO (INCLUYE 1 MANO EN PINTURA TIPO 2 Y DOS MANOS EN PINTURA TIPO 1, FILOS Y DILATACIONES). COLOR SEGÚN DISEÑO POR ML | E55: =+APU!E396 -> ML | F55: =+CALCULOS!G28-F54 -> 695.13 | G55: =+APU!$J$396 -> 17046 | H55: =ROUND(G55*F55,0) -> 11849186
C56: =+APU!A385 -> 019.005 | D56: =+APU!C385 -> SUMINISTRO, TRANSPORTE E INSTALACION PINTURA SOBRE REVOQUE VINILO 3 MANOS SOBRE MURO (INCLUYE 1 MANO EN PINTURA TIPO 2 Y DOS MANOS EN PINTURA TIPO 1, FILOS Y DILATACIONES).COLOR SEGÚN DISEÑO POR M2 | E56: =+APU!E385 -> M2 | F56: =+CALCULOS!$G$46 -> 221.8726 | G56: =+APU!$J$385 -> 29774 | H56: =ROUND(G56*F56,0) -> 6606035
C57: =+APU!A419 -> 019.023 | D57: =+APU!C419 -> SUMINISTRO TRANSPORTE E INSTALACION ESTUCO Y PINTURA ACRILTEX PARA BAÑO Y COCINA | E57: M2 | F57: 50 | G57: =+APU!$J$419 -> 46764 | H57: =ROUND(G57*F57,0) -> 2338200
C58: =+APU!A428 -> 019.027 | D58: =+APU!C428 -> SUMINISTRO, TRANSPORTE E INSTALACION VINILO 3 MANOS BAJO CUBIERTA AC. COLOR SEGÚN DISEÑO. | E58: =+APU!E428 -> M2 | F58: =+F31 -> 161.47 | G58: =+APU!$J$428 -> 33042 | H58: =ROUND(G58*F58,0) -> 5335292
C59: =+APU!A438 -> 019.030 | D59: =+APU!C438 -> SUMINISTRO E INSTALACIÓN PINTURA ESMALTE PARA CABINAS SANITARIAS EN LÁMINA | E59: =+APU!E438 -> M2 | F59: =1.5*2*6+1*2*3*2 -> 30 | G59: =+APU!$J$438 -> 36153 | H59: =ROUND(G59*F59,0) -> 1084590
B60: Subtotal | H60: =SUM(H52:H59) -> 40125019
C61: 021 | D61: =+APU!C456 -> OBRAS EXTERIORES
C62: 021.038 | D62: =+APU!C469 -> CORTE MECANIZADO DE ANDEN EN CONCRETO 0,03 MM | E62: =+APU!E469 -> ML | F62: =0.6*35 -> 21 | G62: =+APU!J469 -> 10482 | H62: =ROUND(G62*F62,0) -> 220122
C63: 021.052 | D63: =+APU!C476 -> SUMINISTRO, TRANSPORTE E INSTALACION ANDEN CONCRETO 3000 PSI E= 0.08M. ACABADO: ESCOBIADO | E63: =+APU!E476 -> M2 | F63: =70*0.6 -> 42 | G63: =+APU!J476 -> 111021 | H63: =ROUND(G63*F63,0) -> 4662882
B64: Subtotal | H64: =SUM(H62:H63) -> 4883004
C65: =+APU!A486 -> 022 | D65: =+APU!C486 -> ASEO GENERAL Y LIMPIEZA
C66: =+APU!A489 -> 022.011 | D66: =+APU!C489 -> SUMINISTRO, TRANSPORTE DE HIDROLAVADO PARA PISOS | E66: =+APU!E489 -> M2 | F66: 50 | G66: =+APU!$J$489 -> 10509 | H66: =ROUND(G66*F66,0) -> 525450
C67: =+APU!A496 -> 022.012 | D67: =+APU!C496 -> ASEO GENERAL | E67: =+APU!E496 -> M2 | F67: 550 | G67: =+APU!$J$496 -> 4192 | H67: =ROUND(G67*F67,0) -> 2305600
B68: Subtotal | H68: =SUM(H65:H67) -> 2831050
C69: 023 | D69: =+APU!C499 -> VIAS
C70: 023.008 | D70: =+APU!C502 -> SUMINISTRO, TRANSPORTE E INSTALACION AFIRMADO PARA ANDENES | E70: =+APU!E502 -> M3 | F70: =70*0.6*0.1 -> 4.2 | G70: =+APU!J502 -> 198607 | H70: =ROUND(G70*F70,0) -> 834149
B71: Subtotal | H71: =SUM(H69:H70) -> 834149
C72: =+APU!A522 -> 028 | D72: =+APU!C522 -> DESMONTES
C73: 028.005 | D73: =+APU!C525 -> DESMONTE APARATOS SANITARIOS | E73: =+APU!E525 -> UND | F73: 4 | G73: =+APU!$J$525 -> 71486 | H73: =ROUND(G73*F73,0) -> 285944
C74: =+APU!A532 -> 028.007 | D74: =+APU!C532 -> DESMONTE CUBIERTA | E74: =+APU!E532 -> M2 | F74: =+F93 -> 109.4045 | G74: =+APU!$J$532 -> 15865 | H74: =ROUND(G74*F74,0) -> 1735702
C75: =+APU!A563 -> 028.018 | D75: =+APU!C563 -> DESMONTE DE VIDRIO | E75: =+APU!E563 -> M2 | F75: 10 | G75: =+APU!$J$563 -> 6334 | H75: =ROUND(G75*F75,0) -> 63340
C76: =+APU!A569 -> 028.076 | D76: =+APU!C569 -> DESMONTE MANTO IMPERMEABLIZANTE | E76: =+APU!E569 -> M2 | F76: =+F31 -> 161.47 | G76: =+APU!$J$569 -> 19666 | H76: =ROUND(G76*F76,0) -> 3175469
C77: 028.089 | D77: =+APU!C577 -> DESMONTE DE FLANCHE (DESARROLLO ENTRE 0 Y 1,2 METROS) | E77: =+APU!E577 -> ML | F77: =+$F$33 -> 140 | G77: =+APU!$J$577 -> 5420 | H77: =ROUND(G77*F77,0) -> 758800
B78: Subtotal | H78: =SUM(H73:H77) -> 6019255
C79: =+APU!A584 -> 029 | D79: =+APU!C584 -> DEMOLICIONES
C80: =+APU!A587 -> 029.003 | D80: =+APU!C587 -> DEMOLICION ENCHAPE DE PISOS (INCLUYE RETIRO) | E80: =+APU!E587 -> M2 | F80: 12 | G80: =+APU!$J$587 -> 11964 | H80: =ROUND(G80*F80,0) -> 143568
C81: =+APU!A601 -> 029.016 | D81: =+APU!C601 -> DEMOLICION PLACA DE CONTRAPISO HASTA E=0.30 M (INCLUYE RETIRO) | E81: =+APU!E601 -> M2 | F81: 25 | G81: =+APU!$J$601 -> 38766 | H81: =ROUND(G81*F81,0) -> 969150
C82: =+APU!A609 -> 029.017 | D82: =+APU!C609 -> DEMOLICION MORTEROS Y REVOQUE | E82: =+APU!E609 -> M2 | F82: =+F26+F27 -> 441.53588 | G82: =+APU!$J$609 -> 9939 | H82: =ROUND(G82*F82,0) -> 4388425
C83: =+APU!A616 -> 029.074 | D83: =+APU!C616 -> DEMOLICION MURO MAMPOSTERIA DE LADRILLO O BLOQUE | E83: =+APU!E616 -> M2 | F83: =+F50 -> 6 | G83: =+APU!$J$616 -> 33191 | H83: =ROUND(G83*F83,0) -> 199146
C84: =+APU!A622 -> 029.075 | D84: =+APU!C622 -> DEMOLICION LAVAMANOS CORRIDO HASTA H=1.0 M. (INCLUYE RETIRO) | E84: =+APU!E622 -> ML | F84: 3 | G84: =+APU!$J$622 -> 41952 | H84: =ROUND(G84*F84,0) -> 125856
C85: 029.079 | D85: =+APU!C636 -> DEMOLICIÓN DE GUARDAESCOBA EN CERÁMICA O SIMILAR (NO INCLUYE RETIRO) | E85: =+APU!E636 -> ML | F85: 15.5 | G85: =+APU!$J$636 -> 4495 | H85: =ROUND(G85*F85,0) -> 69673
B86: Subtotal | H86: =SUM(H80:H85) -> 5895818
C87: =+APU!A641 -> 030 | D87: =+APU!C641 -> JORNALES
C88: =+APU!A644 -> 030.002 | D88: =+APU!C644 -> JORNAL AYUDANTE | E88: =+APU!E644 -> DIA | F88: 15 | G88: =+APU!$J$644 -> 102503 | H88: =ROUND(G88*F88,0) -> 1537545
B89: Subtotal | H89: =+H88 -> 1537545
C90: =+APU!A647 -> 032 | D90: =+APU!C647 -> ADICIONALES ALCALDIA MANIZALES
C91: 032.001 | D91: =+APU!C650 -> SUMINISTRO, TRANSPORTE E INSTALACION RELLENO EN AFIRMADO COMPACTADO | E91: =+APU!E650 -> M3 | F91: =+F15*0.15 -> 3.75 | G91: =+APU!$J$650 -> 172054 | H91: =ROUND(G91*F91,0) -> 645203
C92: =+APU!A678 -> 032.024 | D92: =+APU!C678 -> LIMPIEZA DE CANALES | E92: =+APU!E678 -> ML | F92: =+CALCULOS!J64 -> 102.65 | G92: =+APU!$J$678 -> 6093 | H92: =ROUND(G92*F92,0) -> 625446
C93: =+APU!A685 -> 032.027 | D93: =+APU!C685 -> SUMINISTRO, TRANSPORTE E INSTALACION TEJA ONDULADA FIBROCEMENTO PERFIL 7 | E93: =+APU!E685 -> M2 | F93: =+F32*0.2 -> 109.4045 | G93: =+APU!$J$685 -> 57255 | H93: =ROUND(G93*F93,0) -> 6263955
C94: =+APU!A698 -> 032.037 | D94: =+APU!C698 -> SUMINISTRO, TRANSPORTE E INSTALACION CUBIERTA POLICARBONATO ALVEOLAR 6MM | E94: =+APU!E698 -> M2 | F94: =+CALCULOS!G69 -> 164.38 | G94: =+APU!$J$698 -> 217562 | H94: =ROUND(G94*F94,0) -> 35762842
C95: 032.063 | D95: =+APU!C741 -> LIMPIEZA DE PAREDES PARA APLICACIÓN DE VINILO SOBRE GRANIPLAST | E95: =+APU!E741 -> M2 | F95: =+F56 -> 221.8726 | G95: =+APU!$J$741 -> 6209 | H95: =ROUND(G95*F95,0) -> 1377607
C96: =+APU!A758 -> 032.126 | D96: =+APU!C758 -> SUMINISTRO,TRANSPORTE E INSTALACION DE SIKAFLEX SELLO PARA VENTANAS | E96: =+APU!E758 -> ML | F96: 50 | G96: =+APU!$J$758 -> 11877 | H96: =ROUND(G96*F96,0) -> 593850
C97: =+APU!A775 -> 032.170 | D97: =+APU!C775 -> SUMINISTRO, TRANSPORTE E INSTALACIÓN DE ANDAMIOS METÁLICOS CERTIFICADOS PARA UNA ALTURA MAYOR A 8 MTS. INCLUYE ESCALERILLA CON BARANDAS Y PLATAFORMAS DE TRABAJO. | E97: =+APU!E775 -> DIA | F97: 5 | G97: =+APU!$J$775 -> 119798 | H97: =ROUND(G97*F97,0) -> 598990
B98: Subtotal | H98: =SUM(H90:H97) -> 45867893
C99: I.E | D99: ITEMS ESPECIALES
C100: =+APU!A793 -> I.E.001 | D100: =+APU!C793 -> SUMINISTRO, TRANSPORTE E ISNTALACIÓN PERGOLA EN MADERA CHANUL, SEPARACIÓN DE VIGUETAS DECORATIVAS CADA 0.20M, INCLUYE ESMALTE PROTECTOR DE MADERA | E100: =+APU!E793 -> M2 | F100: =+F15 -> 25 | G100: =+APU!$J$793 -> 173114 | H100: =ROUND(G100*F100,0) -> 4327850
B101: Subtotal | H101: =+H100 -> 4327850
...

Sheet APU
A2: =+'FORMULARIO 01'!B4 -> “REPARACIONES LOCATIVAS EN LA INFRAESTRUCTURA DONDE FUNCIONA EL PROGRAMA CASA DE LA MUJER EMPODERADA A CARGO DE LA SECRETARIA DE LAS MUJERES Y EQUIDAD DE GENERO " | I2: =+AU!G26 -> 1.393
A4: 001 | C4: PRELIMINARES
A6: CODIGO | B6: COD INSUMO | C6: INSUMO | D6: TIPO | E6: UNIDAD | F6: REND | G6: VALOR UNITARIO | H6: VALOR TOTAL | I6: AIU | J6: VALOR TOTAL INCLUIDO AIU
A7: 001.043 | B7: - | C7: ROCERIA Y LIMPIEZA | D7: Actividad | E7: M2 | H7: =SUM(H8:H11) -> 2461 | I7: =+$I$2 -> 1.393 | J7: =ROUND(H7*I7,0) -> 3428
A8: 001.043 | B8: C1 | C8: CUADRILLA AA TIPO 1 (1 OFICIAL + 1 AYUDANTE) (Albañileria) | D8: Cuadrilla | E8: HR | F8: 0.07 | G8: 23915 | H8: =ROUND(F8*G8,0) -> 1674
A9: 001.043 | B9: E24 | C9: VOLQUETA 6M3 (CARGUE A MANO) | D9: Equipos | E9: VJE | F9: 0.003 | G9: 154179 | H9: =ROUND(F9*G9,0) -> 463
A10: 001.043 | B10: H2 | C10: EQUIPO BASICO (HERRAMIENTA MENOR) | D10: Herramienta | E10: UND | F10: 0.07 | G10: 3311 | H10: =ROUND(F10*G10,0) -> 232
A11: 001.043 | B11: I1565 | C11: ACARREO INTERNO | D11: Insumo | E11: UND | F11: 0.053 | G11: 1733 | H11: =ROUND(F11*G11,0) -> 92
A13: 002 | C13: MOVIMIENTO DE TIERRAS
A15: CODIGO | B15: COD INSUMO | C15: INSUMO | D15: TIPO | E15: UNIDAD | F15: REND | G15: VALOR UNITARIO | H15: VALOR TOTAL | I15: AIU | J15: VALOR TOTAL INCLUIDO AIU
A16: 002.032 | B16: - | C16: RETIRO DE MATERIAL SOBRANTE EN VOLQUETA, CARGUE MANUAL | D16: Actividad | E16: M3 | H16: =SUM(H17:H20) -> 43356 | I16: =+$I$2 -> 1.393 | J16: =ROUND(H16*I16,0) -> 60395
A17: 002.032 | B17: C15 | C17: CUADRILLA AA TIPO 3 (1 OFICIAL + 3 AYUDANTE) (Albañileria) | D17: Cuadrilla | E17: HR | F17: 0.217 | G17: 42311 | H17: =ROUND(F17*G17,0) -> 9181
A18: 002.032 | B18: E24 | C18: VOLQUETA 6M3 (CARGUE A MANO) | D18: Equipos | E18: VJE | F18: 0.217 | G18: 154179 | H18: =ROUND(F18*G18,0) -> 33457
A19: 002.032 | B19: H2 | C19: EQUIPO BASICO (HERRAMIENTA MENOR) | D19: Herramienta | E19: UND | F19: 0.217 | G19: 3311 | H19: =ROUND(F19*G19,0) -> 718
A21: CODIGO | B21: COD INSUMO | C21: INSUMO | D21: TIPO | E21: UNIDAD | F21: REND | G21: VALOR UNITARIO | H21: VALOR TOTAL | I21: AIU | J21: VALOR TOTAL INCLUIDO AIU
A22: 002.83 | B22: - | C22: EXCAVACION MANUAL | D22: Actividad | E22: M3 | H22: 21707 | I22: =+$I$2 -> 1.393 | J22: =ROUND(H22*I22,0) -> 30238
A23: 002.83 | B23: C44 | C23: CUADRILLA AA (2 AYUDANTES) | D23: Cuadrilla | E23: HR | F23: 1 | G23: =+VLOOKUP(B23,[113]Insumos!$A$2:$F$5000,5,FALSE) -> 18396 | H23: =+ROUND(F23*G23,0) -> 18396
A24: 002.83 | B24: H2 | C24: EQUIPO BASICO (HERRAMIENTA MENOR) | D24: Herramienta | E24: UND | F24: 1 | G24: =+VLOOKUP(B24,[113]Insumos!$A$2:$F$5000,5,FALSE) -> 3311 | H24: =+ROUND(F24*G24,0) -> 3311
A26: 003 | C26: DESAGUES E INSTALACIONES SANITARIAS
A28: CODIGO | B28: COD INSUMO | C28: INSUMO | D28: TIPO | E28: UNIDAD | F28: REND | G28: VALOR UNITARIO | H28: VALOR TOTAL | I28: AIU | J28: VALOR TOTAL INCLUIDO AIU
A29: 003.010 | B29: - | C29: SUMINISTRO, TRANSPORTE E INSTALACION BAJANTE AGUAS LLUVIAS PVC 3" (INCLUYE CODO, UNION Y ACCESORIOS DE FIJACION) | D29: Actividad | E29: ML | H29: =SUM(H30:H39) -> 32030 | I29: =+$I$2 -> 1.393 | J29: =ROUND(H29*I29,0) -> 44618
A30: 003.010 | B30: C9 | C30: CUADRILLA BB TIPO 2 (1 OFICIAL + 2 AYUDANTE) (Instalaciones) | D30: Cuadrilla | E30: HR | F30: 0.3 | G30: 36419 | H30: =ROUND(F30*G30,0) -> 10926
A31: 003.010 | B31: E12 | C31: EQUIPO DE TRANSPORTE | D31: Equipos | E31: DIA | F31: 0.002 | G31: 171308 | H31: =ROUND(F31*G31,0) -> 343
A32: 003.010 | B32: H2 | C32: EQUIPO BASICO (HERRAMIENTA MENOR) | D32: Herramienta | E32: UND | F32: 0.1 | G32: 3311 | H32: =ROUND(F32*G32,0) -> 331
A33: 003.010 | B33: I1565 | C33: ACARREO INTERNO | D33: Insumo | E33: UND | F33: 0.4 | G33: 1733 | H33: =ROUND(F33*G33,0) -> 693
A34: 003.010 | B34: I521 | C34: ABRAZADERA EN ACERO | D34: Insumo | E34: UND | F34: 0.63 | G34: 2708 | H34: =ROUND(F34*G34,0) -> 1706
A35: 003.010 | B35: I575 | C35: CODO 90° 1/4 CXC SANITARIO 3'' | D35: Insumo | E35: UND | F35: 0.1 | G35: 9411 | H35: =ROUND(F35*G35,0) -> 941
A36: 003.010 | B36: I614 | C36: LIMPIADOR REM PVC 760 GRMS. (1/4) | D36: Insumo | E36: UND | F36: 0.015 | G36: 59308 | H36: =ROUND(F36*G36,0) -> 890
A37: 003.010 | B37: I647 | C37: SOLDADURA PVC LIQUIDA 1/4 | D37: Insumo | E37: UND | F37: 0.015 | G37: 122942 | H37: =ROUND(F37*G37,0) -> 1844
A38: 003.010 | B38: I750 | C38: TUBO PVC A.LL-VENTILACION 3'' | D38: Insumo | E38: M | F38: 1.03 | G38: 13204 | H38: =ROUND(F38*G38,0) -> 13600
A39: 003.010 | B39: I794 | C39: UNION SANITARIA 3" PVC | D39: Insumo | E39: UND | F39: 0.16 | G39: 4728 | H39: =ROUND(F39*G39,0) -> 756
A41: CODIGO | B41: COD INSUMO | C41: INSUMO | D41: TIPO | E41: UNIDAD | F41: REND | G41: VALOR UNITARIO | H41: VALOR TOTAL | I41: AIU | J41: VALOR TOTAL INCLUIDO AIU
A42: 003.013 | B42: - | C42: SUMINISTRO, TRANSPORTE E INSTALACION PUNTO DESAGUE PVC 2" Aparatos sanitarios y desagues (INCLUYE CODO, YEE Y ACCESORIOS) | D42: Actividad | E42: UND | H42: =SUM(H43:H51) -> 101184 | I42: =+$I$2 -> 1.393 | J42: =ROUND(H42*I42,0) -> 140949
A43: 003.013 | B43: C9 | C43: CUADRILLA BB TIPO 2 (1 OFICIAL + 2 AYUDANTE) (Instalaciones) | D43: Cuadrilla | E43: HR | F43: 1.35 | G43: 36419 | H43: =ROUND(F43*G43,0) -> 49166
A44: 003.013 | B44: E12 | C44: EQUIPO DE TRANSPORTE | D44: Equipos | E44: DIA | F44: 0.005 | G44: 171308 | H44: =ROUND(F44*G44,0) -> 857
A45: 003.013 | B45: H2 | C45: EQUIPO BASICO (HERRAMIENTA MENOR) | D45: Herramienta | E45: UND | F45: 0.2 | G45: 3311 | H45: =ROUND(F45*G45,0) -> 662
A46: 003.013 | B46: I1565 | C46: ACARREO INTERNO | D46: Insumo | E46: UND | F46: 2.4 | G46: 1733 | H46: =ROUND(F46*G46,0) -> 4159
A47: 003.013 | B47: I574 | C47: CODO 90° 1/4 CXC SANITARIO 2'' | D47: Insumo | E47: UND | F47: 1 | G47: 4058 | H47: =ROUND(F47*G47,0) -> 4058
A48: 003.013 | B48: I614 | C48: LIMPIADOR REM PVC 760 GRMS. (1/4) | D48: Insumo | E48: UND | F48: 0.05 | G48: 59308 | H48: =ROUND(F48*G48,0) -> 2965
A49: 003.013 | B49: I647 | C49: SOLDADURA PVC LIQUIDA 1/4 | D49: Insumo | E49: UND | F49: 0.05 | G49: 122942 | H49: =ROUND(F49*G49,0) -> 6147
A50: 003.013 | B50: I752 | C50: TUBO PVC SANITARIO 2'' | D50: Insumo | E50: M | F50: 1.55 | G50: 15387 | H50: =ROUND(F50*G50,0) -> 23850
A51: 003.013 | B51: I825 | C51: YEE SANITARIA 2'' | D51: Insumo | E51: UND | F51: 1 | G51: 9320 | H51: =ROUND(F51*G51,0) -> 9320
A53: CODIGO | B53: COD INSUMO | C53: INSUMO | D53: TIPO | E53: UNIDAD | F53: REND | G53: VALOR UNITARIO | H53: VALOR TOTAL | I53: AIU | J53: VALOR TOTAL INCLUIDO AIU
A54: 003.027 | B54: - | C54: SUMINISTRO, TRANSPORTE E INSTALACION TUBERIA PVC-S 2" (RED SANITARIA, INCLUYE ACCESORIOS) | D54: Actividad | E54: ML | H54: =SUM(H55:H62) -> 25693 | I54: =+$I$2 -> 1.393 | J54: =ROUND(H54*I54,0) -> 35790
A55: 003.027 | B55: C16 | C55: CUADRILLA BB TIPO 3 (1 OFICIAL + 3 AYUDANTE) (Instalaciones) | D55: Cuadrilla | E55: HR | F55: 0.1 | G55: 46535 | H55: =ROUND(F55*G55,0) -> 4654
A56: 003.027 | B56: E12 | C56: EQUIPO DE TRANSPORTE | D56: Equipos | E56: DIA | F56: 0.002 | G56: 171308 | H56: =ROUND(F56*G56,0) -> 343
A57: 003.027 | B57: H2 | C57: EQUIPO BASICO (HERRAMIENTA MENOR) | D57: Herramienta | E57: UND | F57: 0.1 | G57: 3311 | H57: =ROUND(F57*G57,0) -> 331
A58: 003.027 | B58: I1565 | C58: ACARREO INTERNO | D58: Insumo | E58: UND | F58: 0.2 | G58: 1733 | H58: =ROUND(F58*G58,0) -> 347
A59: 003.027 | B59: I614 | C59: LIMPIADOR REM PVC 760 GRMS. (1/4) | D59: Insumo | E59: UND | F59: 0.02 | G59: 59308 | H59: =ROUND(F59*G59,0) -> 1186
A60: 003.027 | B60: I647 | C60: SOLDADURA PVC LIQUIDA 1/4 | D60: Insumo | E60: UND | F60: 0.02 | G60: 122942 | H60: =ROUND(F60*G60,0) -> 2459
A61: 003.027 | B61: I752 | C61: TUBO PVC SANITARIO 2'' | D61: Insumo | E61: M | F61: 1.03 | G61: 15387 | H61: =ROUND(F61*G61,0) -> 15849
A62: 003.027 | B62: I793 | C62: UNION SANITARIA 2'' PVC | D62: Insumo | E62: UND | F62: 0.16 | G62: 3275 | H62: =ROUND(F62*G62,0) -> 524
A64: 005 | C64: ESTRUCTURAS EN CONCRETO, METALICAS Y DE MADERA
A66: CODIGO | B66: COD INSUMO | C66: INSUMO | D66: TIPO | E66: UNIDAD | F66: REND | G66: VALOR UNITARIO | H66: VALOR TOTAL | I66: AIU | J66: VALOR TOTAL INCLUIDO AIU
A67: 005.011 | B67: - | C67: SUMINISTRO, TRANSPORTE E INSTALACION PLACA CONTRAPISO CONCRETO 3000 PSI E=0.10 m | D67: Actividad | E67: M2 | H67: 99079 | I67: =+$I$2 -> 1.393 | J67: =ROUND(H67*I67,0) -> 138017
A68: 005.011 | B68: AB5 | C68: CONCRETO 3000 psi - 21 Mpa | D68: Analisis | E68: M3 | F68: 0.103 | G68: =+VLOOKUP(B68,[113]Insumos!$A$2:$F$5000,5,FALSE) -> 554104 | H68: =+ROUND(F68*G68,0) -> 57073
A69: 005.011 | B69: C36 | C69: CUADRILLA AA TIPO 6 (1 OFICIAL + 6 AYUDANTE) (Albañileria) | D69: Cuadrilla | E69: HR | F69: 0.4 | G69: =+VLOOKUP(B69,[113]Insumos!$A$2:$F$5000,5,FALSE) -> 69905 | H69: =+ROUND(F69*G69,0) -> 27962
A70: 005.011 | B70: E12 | C70: EQUIPO DE TRANSPORTE | D70: Equipos | E70: DIA | F70: 0.0075 | G70: =+VLOOKUP(B70,[113]Insumos!$A$2:$F$5000,5,FALSE) -> 171308 | H70: =+ROUND(F70*G70,0) -> 1285
A71: 005.011 | B71: E21 | C71: VIBRADOR A GASOLINA | D71: Equipos | E71: DIA | F71: 0.007 | G71: =+VLOOKUP(B71,[113]Insumos!$A$2:$F$5000,5,FALSE) -> 67825 | H71: =+ROUND(F71*G71,0) -> 475
A72: 005.011 | B72: H2 | C72: EQUIPO BASICO (HERRAMIENTA MENOR) | D72: Herramienta | E72: UND | F72: 0.03 | G72: =+VLOOKUP(B72,[113]Insumos!$A$2:$F$5000,5,FALSE) -> 3311 | H72: =+ROUND(F72*G72,0) -> 99
A73: 005.011 | B73: I1565 | C73: ACARREO INTERNO | D73: Insumo | E73: UND | F73: 1.1 | G73: =+VLOOKUP(B73,[113]Insumos!$A$2:$F$5000,5,FALSE) -> 1733 | H73: =+ROUND(F73*G73,0) -> 1906
A74: 005.011 | B74: I425 | C74: PUNTILLA CON CABEZA 2" | D74: Insumo | E74: LB | F74: 0.03 | G74: =+VLOOKUP(B74,[113]Insumos!$A$2:$F$5000,5,FALSE) -> 4680 | H74: =+ROUND(F74*G74,0) -> 140
A75: 005.011 | B75: I957 | C75: LISTON 2 X 4 | D75: Insumo | E75: M | F75: 1 | G75: =+VLOOKUP(B75,[113]Insumos!$A$2:$F$5000,5,FALSE) -> 4235 | H75: =+ROUND(F75*G75,0) -> 4235
A76: 005.011 | B76: I979 | C76: TABLA CHAPA ORDINARIO 30 CM X 2 CM X 3 M. | D76: Insumo | E76: UND | F76: 0.33 | G76: =+VLOOKUP(B76,[113]Insumos!$A$2:$F$5000,5,FALSE) -> 17890 | H76: =+ROUND(F76*G76,0) -> 5904
A78: CODIGO | B78: COD INSUMO | C78: INSUMO | D78: TIPO | E78: UNIDAD | F78: REND | G78: VALOR UNITARIO | H78: VALOR TOTAL | I78: AIU | J78: VALOR TOTAL INCLUIDO AIU
A79: 005.012 | B79: - | C79: SUMINISTRO, TRANSPORTE E INSTALACION PLACA CONTRAPISO CONCRETO 3000 PSI E=0.15 | D79: Actividad | E79: M2 | H79: 134255 | I79: =+$I$2 -> 1.393 | J79: =ROUND(H79*I79,0) -> 187017
A80: 005.012 | B80: AB5 | C80: CONCRETO 3000 psi - 21 Mpa | D80: Analisis | E80: M3 | F80: 0.152 | G80: =+VLOOKUP(B80,[114]Insumos!$A$2:$F$5000,5,FALSE) -> 554104 | H80: =+ROUND(F80*G80,0) -> 84224
A81: 005.012 | B81: C36 | C81: CUADRILLA AA TIPO 6 (1 OFICIAL + 6 AYUDANTE) (Albañileria) | D81: Cuadrilla | E81: HR | F81: 0.5 | G81: =+VLOOKUP(B81,[114]Insumos!$A$2:$F$5000,5,FALSE) -> 69905 | H81: =+ROUND(F81*G81,0) -> 34953
A82: 005.012 | B82: E12 | C82: EQUIPO DE TRANSPORTE | D82: Equipos | E82: DIA | F82: 0.0105 | G82: =+VLOOKUP(B82,[114]Insumos!$A$2:$F$5000,5,FALSE) -> 171308 | H82: =+ROUND(F82*G82,0) -> 1799
A83: 005.012 | B83: E21 | C83: VIBRADOR A GASOLINA | D83: Equipos | E83: DIA | F83: 0.007 | G83: =+VLOOKUP(B83,[114]Insumos!$A$2:$F$5000,5,FALSE) -> 67825 | H83: =+ROUND(F83*G83,0) -> 475
A84: 005.012 | B84: H2 | C84: EQUIPO BASICO (HERRAMIENTA MENOR) | D84: Herramienta | E84: UND | F84: 0.03 | G84: =+VLOOKUP(B84,[114]Insumos!$A$2:$F$5000,5,FALSE) -> 3311 | H84: =+ROUND(F84*G84,0) -> 99
A85: 005.012 | B85: I1565 | C85: ACARREO INTERNO | D85: Insumo | E85: UND | F85: 1.4 | G85: =+VLOOKUP(B85,[114]Insumos!$A$2:$F$5000,5,FALSE) -> 1733 | H85: =+ROUND(F85*G85,0) -> 2426
A86: 005.012 | B86: I425 | C86: PUNTILLA CON CABEZA 2" | D86: Insumo | E86: LB | F86: 0.03 | G86: =+VLOOKUP(B86,[114]Insumos!$A$2:$F$5000,5,FALSE) -> 4680 | H86: =+ROUND(F86*G86,0) -> 140
A87: 005.012 | B87: I957 | C87: LISTON 2 X 4 | D87: Insumo | E87: M | F87: 1 | G87: =+VLOOKUP(B87,[114]Insumos!$A$2:$F$5000,5,FALSE) -> 4235 | H87: =+ROUND(F87*G87,0) -> 4235
A88: 005.012 | B88: I979 | C88: TABLA CHAPA ORDINARIO 30 CM X 2 CM X 3 M. | D88: Insumo | E88: UND | F88: 0.33 | G88: =+VLOOKUP(B88,[114]Insumos!$A$2:$F$5000,5,FALSE) -> 17890 | H88: =+ROUND(F88*G88,0) -> 5904
A90: CODIGO | B90: COD INSUMO | C90: INSUMO | D90: TIPO | E90: UNIDAD | F90: REND | G90: VALOR UNITARIO | H90: VALOR TOTAL | I90: AIU | J90: VALOR TOTAL INCLUIDO AIU
A91: 005.056 | B91: - | C91: SUMINISTRO, TRANSPORTE E INSTALACION JUNTA DE DILATACION PARA PLACA CONTRAPISO (Inlcuye sellante) | D91: Actividad | E91: ML | H91: 15518 | I91: =+$I$2 -> 1.393 | J91: =ROUND(H91*I91,0) -> 21617
A92: 005.056 | B92: C8 | C92: CUADRILLA AA TIPO 2 (1 OFICIAL + 2 AYUDANTE) (Albañileria) | D92: Cuadrilla | E92: HR | F92: 0.35 | G92: =+VLOOKUP(B92,[114]Insumos!$A$2:$F$5000,5,FALSE) -> 33113 | H92: =+ROUND(F92*G92,0) -> 11590
A93: 005.056 | B93: E12 | C93: EQUIPO DE TRANSPORTE | D93: Equipos | E93: DIA | F93: 0.0003 | G93: =+VLOOKUP(B93,[114]Insumos!$A$2:$F$5000,5,FALSE) -> 171308 | H93: =+ROUND(F93*G93,0) -> 51
A94: 005.056 | B94: H2 | C94: EQUIPO BASICO (HERRAMIENTA MENOR) | D94: Herramienta | E94: UND | F94: 0.007 | G94: =+VLOOKUP(B94,[114]Insumos!$A$2:$F$5000,5,FALSE) -> 3311 | H94: =+ROUND(F94*G94,0) -> 23
A95: 005.056 | B95: I1565 | C95: ACARREO INTERNO | D95: Insumo | E95: UND | F95: 0.49 | G95: =+VLOOKUP(B95,[114]Insumos!$A$2:$F$5000,5,FALSE) -> 1733 | H95: =+ROUND(F95*G95,0) -> 849
A96: 005.056 | B96: I432 | C96: SIKAFLEX PRO 3 WF TUBO 600 CC O SIMILAR. | D96: Insumo | E96: UND | F96: 0.03 | G96: =+VLOOKUP(B96,[114]Insumos!$A$2:$F$5000,5,FALSE) -> 100150 | H96: =+ROUND(F96*G96,0) -> 3005
A98: CODIGO | B98: COD INSUMO | C98: INSUMO | D98: TIPO | E98: UNIDAD | F98: REND | G98: VALOR UNITARIO | H98: VALOR TOTAL | I98: AIU | J98: VALOR TOTAL INCLUIDO AIU
A99: 005.079 | B99: - | C99: SUMINISTRO, TRANSPORTE E INSTALACION CINTA SIKA PVC V - 10 PARA JUNTAS | D99: Actividad | E99: ML | H99: 28740 | I99: =+$I$2 -> 1.393 | J99: =ROUND(H99*I99,0) -> 40035
A100: 005.079 | B100: C8 | C100: CUADRILLA AA TIPO 2 (1 OFICIAL + 2 AYUDANTE) (Albañileria) | D100: Cuadrilla | E100: HR | F100: 0.25 | G100: =+VLOOKUP(B100,[113]Insumos!$A$2:$F$5000,5,FALSE) -> 33113 | H100: =+ROUND(F100*G100,0) -> 8278
A101: 005.079 | B101: E12 | C101: EQUIPO DE TRANSPORTE | D101: Equipos | E101: DIA | F101: 0.00231 | G101: =+VLOOKUP(B101,[113]Insumos!$A$2:$F$5000,5,FALSE) -> 171308 | H101: =+ROUND(F101*G101,0) -> 396
A102: 005.079 | B102: H2 | C102: EQUIPO BASICO (HERRAMIENTA MENOR) | D102: Herramienta | E102: UND | F102: 0.02 | G102: =+VLOOKUP(B102,[113]Insumos!$A$2:$F$5000,5,FALSE) -> 3311 | H102: =+ROUND(F102*G102,0) -> 66
A103: 005.079 | B103: I1565 | C103: ACARREO INTERNO | D103: Insumo | E103: UND | F103: 0.13 | G103: =+VLOOKUP(B103,[113]Insumos!$A$2:$F$5000,5,FALSE) -> 1733 | H103: =+ROUND(F103*G103,0) -> 225
A104: 005.079 | B104: I567 | C104: CINTA SIKA PVC V - 10 CINTA FLEXIBLE SELLO DE JUNTAS | D104: Insumo | E104: M | F104: 1.2 | G104: =+VLOOKUP(B104,[113]Insumos!$A$2:$F$5000,5,FALSE) -> 16479 | H104: =+ROUND(F104*G104,0) -> 19775
A106: CODIGO | B106: COD INSUMO | C106: INSUMO | D106: TIPO | E106: UNIDAD | F106: REND | G106: VALOR UNITARIO | H106: VALOR TOTAL | I106: AIU | J106: VALOR TOTAL INCLUIDO AIU
A107: 005.106 | B107: - | C107: SUMINISTRO, TRANSPORTE E INSTALACION MALLA ELECTROSOLDADA M-442 Q-9 DIAMETRO 7,50 MM C/.10 M EN AMBOS SENTIDOS. PESO 7 KG/M2. INCLUYE ALAMBRE NEGRO, COLOCACIÓN Y TRASLAPO. | D107: Actividad | E107: M2 | H107: 39051 | I107: =+$I$2 -> 1.393 | J107: =ROUND(H107*I107,0) -> 54398
A108: 005.106 | B108: C1 | C108: CUADRILLA AA TIPO 1 (1 OFICIAL + 1 AYUDANTE) (Albañileria) | D108: Cuadrilla | E108: HR | F108: 0.06089 | G108: =+VLOOKUP(B108,[113]Insumos!$A$2:$F$5000,5,FALSE) -> 23915 | H108: =+ROUND(F108*G108,0) -> 1456
A109: 005.106 | B109: H2 | C109: EQUIPO BASICO (HERRAMIENTA MENOR) | D109: Herramienta | E109: UND | F109: 0.0261 | G109: =+VLOOKUP(B109,[113]Insumos!$A$2:$F$5000,5,FALSE) -> 3311 | H109: =+ROUND(F109*G109,0) -> 86
A110: 005.106 | B110: I1913 | C110: MALLA ELECTROSOLDADA M-442 Q-9 DIAMETRO 7.5 MM 10 X 10 CM (PESO 7 KG/M2). | D110: Insumo | E110: M2 | F110: 1.1 | G110: =+VLOOKUP(B110,[113]Insumos!$A$2:$F$5000,5,FALSE) -> 34099 | H110: =+ROUND(F110*G110,0) -> 37509
A112: 006 | C112: MAMPOSTERIA
A114: CODIGO | B114: COD INSUMO | C114: INSUMO | D114: TIPO | E114: UNIDAD | F114: REND | G114: VALOR UNITARIO | H114: VALOR TOTAL | I114: AIU | J114: VALOR TOTAL INCLUIDO AIU
A115: 006.038 | B115: - | C115: SUMINISTRO TRANSPORTE E INSTALACION MURO EN SUPERBOARD DE 10 MM, DOS CARAS (INCLUYE FRESCASA). (ÍTEM INCOMPLETO) | D115: Actividad | E115: M2 | H115: =SUM(H116:H126) -> 154471 | I115: =+$I$2 -> 1.393 | J115: =ROUND(H115*I115,0) -> 215178
A116: 006.038 | B116: C5 | C116: CUADRILLA EE TIPO 1 (1 OFICIAL + 1 AYUDANTE) (Dry Wall) | D116: Cuadrilla | E116: HR | F116: 1.5 | G116: 26783 | H116: =ROUND(F116*G116,0) -> 40175
A117: 006.038 | B117: H2 | C117: EQUIPO BASICO (HERRAMIENTA MENOR) | D117: Herramienta | E117: UND | F117: 0.2 | G117: 3311 | H117: =ROUND(F117*G117,0) -> 662
A118: 006.038 | B118: I1004 | C118: ESTUCO PARA INTERIORES - TIPO PINTUCO REF. 117060 O SIMILAR. | D118: Insumo | E118: GAL | F118: 0.26 | G118: 26405 | H118: =ROUND(F118*G118,0) -> 6865
...

Sheet AU
A1: PROYECTO | B1: BASE A.U OBRA / SECRETARIA DE INFRAESTRUCTURA
A3: Valor estimado de la Obra (Costo Directo). | C3: Valor | E3: =+'FORMULARIO 01'!#REF! -> #REF!
A4: Plazo estimado de ejecución | C4: Meses | E4: 2
C5: Días | E5: =+E4*30 -> 60
A7: CAPITULO | B7: TIPO DE GASTO | C7: UN | D7: CANTIDAD | E7: DEDICACIÓN (del tiempo de la obra) | F7: VALOR UNITARIO (mes) | G7: Factor Prestacional | H7: VALOR TOTAL | I7: SUMA | J7: PORCENTAJE
A9: 1 | B9: GASTOS GENERALES. | J9: =+J10 -> #REF!
A10: 1.1 | B10: MANO DE OBRA Y GASTOS DE OFICINA | I10: =SUM(H11:H22) -> 15699762 | J10: =+I10/$E$3 -> #REF! | K10: =SUM(J11:J23) -> #REF!
B11: Director(a) de Obra | C11: Un | D11: 1 | E11: 0 | F11: 6500000 | G11: 0.5483 | H11: =+D11*E11*F11*(1+G11)*$E$4 -> 0 | J11: =+H11/$E$3 -> #REF!
B12: Ingeniero(a) Civil Residente | C12: Un | D12: 1 | E12: 0.5 | F12: 4200000 | G12: 0.5483 | H12: =+D12*E12*F12*(1+G12)*$E$4 -> 6502860 | J12: =+H12/$E$3 -> #REF!
B13: Técnico constructor como Maestro de obra (Inspector de Obra) | C13: Un | D13: 1 | E13: 0.5 | F13: 2690000 | G13: 0.5483 | H13: =+D13*E13*F13*(1+G13)*$E$4 -> 4164927 | J13: =+H13/$E$3 -> #REF!
B14: Profesional en Seguridad y Salud en el Trabajo - HSEQ | C14: Un | D14: 1 | E14: 0.5 | F14: 3250000 | G14: 0.5483 | H14: =+D14*E14*F14*(1+G14)*$E$4 -> 5031975 | J14: =+H14/$E$3 -> #REF!
B15: Técnico Electricista | C15: Un | D15: 1 | E15: 0 | F15: 2690000 | G15: 0.5483 | H15: =+D15*E15*F15*(1+G15)*$E$4 -> 0 | J15: =+H15/$E$3 -> #REF!
B16: Trabajador(a) social | C16: Un | D16: 1 | E16: 0 | F16: 3250000 | G16: 0.5483 | H16: =+D16*E16*F16*(1+G16)*$E$4 -> 0 | J16: =+H16/$E$3 -> #REF!
B17: Ingeniero(a) Ambiental | C17: Un | D17: 1 | E17: 0 | F17: 3250000 | G17: 0.5483 | H17: =+D17*E17*F17*(1+G17)*$E$4 -> 0 | J17: =+H17/$E$3 -> #REF!
B18: Secretaria con prestaciones | C18: Un | D18: 1 | E18: 0 | F18: 1300000 | G18: 0.6995 | H18: =+D18*E18*F18*(1+G18)*$E$4 -> 0 | J18: =+H18/$E$3 -> #REF!
B20: Oficina y/o campamento (Equipo de Oficina, Escritorio, pc, impresora, sillas, papeleria, consumo servicios publicos etc) | C20: Mes | D20: 0 | E20: 1 | F20: 800000 | H20: =+D20*E20*F20*E4 -> 0 | J20: =+H20/$E$3 -> #REF!
B21: Plan Manejo Tránsito | C21: Un | D21: 0 | E21: 1 | F21: 1000000 | H21: =+D21*E21*F21 -> 0 | J21: =+H21/$E$3 -> #REF!
B22: Ensayos de laboratorio | C22: Gl | D22: 0 | E22: 1 | F22: 500000 | H22: =D22*E22*F22*E4 -> 0 | J22: =+H22/$E$3 -> #REF!
J23: =+H23/$E$3 -> #REF!
A24: 2 | B24: GASTOS INDIRECTOS. | J24: =J25+J28+J34+J38 -> #REF! | K24: =SUM(K28:K46) -> #REF!
A25: 2.1 | B25: LEGALIZACION.
B26: Factor de formula circular | G26: 1.393
A28: 2.2 | B28: POLIZAS | I28: =SUM(H29:H32) -> #REF! | J28: =+I28/$E$3 -> #REF! | K28: =SUM(J29:J32) -> #REF!
B29: Cumplimiento del contrato | C29: % | D29: 0.0006 | F29: =+$E$3 -> #REF! | G29: =+$G$26 -> 1.393 | H29: =+(((F29*G29*D29)/365)*($E$5+120))*1.19 -> #REF! | J29: =+H29/$E$3 -> #REF!
B30: Estabilidad de la obra | C30: % | D30: 0.0009 | F30: =+$E$3 -> #REF! | G30: =+$G$26 -> 1.393 | H30: =+(((F30*G30*D30)/365)*(1825))*1.19 -> #REF! | J30: =+H30/$E$3 -> #REF!
B31: Pago de salarios, prestaciones sociales legales e indemnizaciones laborales | C31: % | D31: 0.0005 | F31: =+$E$3 -> #REF! | G31: =+$G$26 -> 1.393 | H31: =+(((F31*G31*D31)/365)*($E$5+1095))*1.19 -> #REF! | J31: =+H31/$E$3 -> #REF!
B32: Resposabilidad civil extracontractual | C32: % | D32: 0.0025 | F32: 348000000 | G32: =+$G$26 -> 1.393 | H32: =+(((F32*G32*D32)/365)*($E$5+0))*1.19 -> 237069.52 | J32: =+H32/$E$3 -> #REF!
A34: 2.3 | B34: VALLAS Y SEÑALIZACIÓN | I34: =SUM(H35:H36) -> 2220000 | J34: =+I34/$E$3 -> #REF! | K34: =SUM(J35:J36) -> #REF!
B35: Valla (8 metros cuadrados en lona) | C35: Un | D35: 1 | E35: 1 | F35: 720000 | H35: =+D35*F35 -> 720000 | J35: =+H35/$E$3 -> #REF!
B36: Señalización obra (señalizacion vertical, delineadores y cinta) etc | C36: Gb | D36: 1 | F36: 1500000 | H36: =+F36*D36 -> 1500000 | J36: =+H36/$E$3 -> #REF!
A38: 2.4 | B38: IMPUESTOS Y VALORES AGREGADOS | I38: =SUM(H39:H46) -> #REF! | J38: =+I38/$E$3 -> #REF! | K38: =SUM(J39:J46) -> #REF!
B39: Contribución Especial (Seguridad Ciudadana) | C39: % | D39: 0.05 | F39: =+$E$3 -> #REF! | G39: =+$G$26 -> 1.393 | H39: =+D39*F39*G39 -> #REF! | J39: =+H39/$E$3 -> #REF!
B40: Estampillas para el bienestar del adulto mayor | C40: % | D40: 0.02 | F40: =+$E$3 -> #REF! | G40: =+$G$26 -> 1.393 | H40: =+D40*F40*G40 -> #REF! | J40: =+H40/$E$3 -> #REF!
B41: Estampillas Pro - Universidades. | C41: % | D41: 0.02 | F41: =+$E$3 -> #REF! | G41: =+$G$26 -> 1.393 | H41: =+D41*F41*G41 -> #REF! | J41: =+H41/$E$3 -> #REF!
B42: Tasa Pro Deporte y Recreación | C42: % | D42: 0.005 | F42: =+$E$3 -> #REF! | G42: =+$G$26 -> 1.393 | H42: =+D42*F42*G42 -> #REF! | J42: =+H42/$E$3 -> #REF!
B43: Estampilla Pro Cultura | C43: % | D43: 0.02 | F43: =+$E$3 -> #REF! | G43: =+$G$26 -> 1.393 | H43: =+D43*F43*G43 -> #REF! | J43: =+H43/$E$3 -> #REF!
B44: Estampilla Pro Justicia Familiar | C44: % | D44: 0.02 | F44: =+$E$3 -> #REF! | G44: =+$G$26 -> 1.393 | H44: =+D44*F44*G44 -> #REF! | J44: =+H44/$E$3 -> #REF!
B45: 4/1000 (transacciones financieras) | C45: % | D45: 0.004 | F45: =+$E$3 -> #REF! | G45: =+$G$26 -> 1.393 | H45: =+D45*F45*G45 -> #REF! | J45: =+H45/$E$3 -> #REF!
B46: Industria y Comercio 3,5 x 1.000 sobre valor total. | C46: % | D46: 0.0037 | F46: =+$E$3 -> #REF! | G46: =+$G$26 -> 1.393 | H46: =+D46*F46*G46 -> #REF! | J46: =+H46/$E$3 -> #REF!
B47: TOTAL GASTOS INDIRECTOS DE ADMINISTRACION. | I47: =SUM(I10:I46) -> #REF! | J47: =+ROUND((J9+J24),4) -> #REF! | K47: =+J24+J9 -> #REF!
B48: UTILIDAD: | I48: 0.05 | J48: =+I48 -> 0.05 | K48: =J48 -> 0.05
B49: A.U. | J49: =SUM(J47+J48) -> #REF! | K49: =SUM(K47:K48) -> #REF!

Sheet CALCULOS
B3: 010.013. SUMINISTRO. TRANSPORTE E INSTALACION IMPERMEABILIZACION Tipo Manto Morter Plas AL - 80 de 3.5 mm con foil de aluminio o Similar. | G3: =SUM(G5:G8) -> 161.47
B4: N° | C4: Longitud | D4: Ancho | E4: Área | F4: Cantidad | G4: Área Total
B5: 1 | C5: 5.2 | D5: 4.1 | E5: =+C5*D5 -> 21.32 | F5: 1 | G5: =+F5*E5 -> 21.32
B6: 2 | C6: 15.5 | D6: 10 | E6: =+C6*D6 -> 155 | F6: 1 | G6: =+F6*E6 -> 155
B7: 3 | C7: 4.5 | D7: 4 | E7: =+C7*D7 -> 18 | F7: 1 | G7: =+F7*E7 -> 18
B8: 4 | C8: 7.3 | D8: 4.5 | E8: =+C8*-D8 -> -32.85 | F8: 1 | G8: =+F8*E8 -> -32.85
B10: 010.026. RECORRIDO DE CUBIERTA | G10: =SUM(G12:G19) -> 547.0225
B11: N° | C11: Longitud | D11: Ancho | E11: Área | F11: Cantidad | G11: Área Total | K11: =SUM(C12:C19) -> 96.65
B12: 1 | C12: 20.5 | D12: 5.5 | E12: =+C12*D12 -> 112.75 | F12: 1 | G12: =+F12*E12 -> 112.75 | K12: =SUM(D12:D19) -> 43.2
B13: 2 | C13: 16.5 | D13: 4.5 | E13: =+C13*D13 -> 74.25 | F13: 1 | G13: =+F13*E13 -> 74.25 | K13: =+K12+K11 -> 139.85
B14: 3 | C14: 13.55 | D14: 6 | E14: =+C14*D14 -> 81.3 | F14: 1 | G14: =+F14*E14 -> 81.3
B15: 4 | C15: 9 | D15: 4.5 | E15: =+C15*D15 -> 40.5 | F15: 1 | G15: =+F15*E15 -> 40.5
B16: 5 | C16: 7.05 | D16: 3.3 | E16: =+C16*D16 -> 23.265 | F16: 2 | G16: =+F16*E16 -> 46.53
B17: 6 | C17: 7.5 | D17: 7.05 | E17: =+C17*D17 -> 52.875 | F17: 1 | G17: =+F17*E17 -> 52.875
B18: 7 | C18: 10.05 | D18: 6.35 | E18: =+C18*D18 -> 63.8175 | F18: 1 | G18: =+F18*E18 -> 63.8175 | I18: =4.05*2.05 -> 8.3025
B19: 8 | C19: 12.5 | D19: 6 | E19: =+C19*D19 -> 75 | F19: 1 | G19: =+F19*E19 -> 75
B21: 011.009. SUMINISTRO. TRANSPORTE E INSTALACIÓN DE CIELO RASO EN LÁMINAS DE PVC | G21: =SUM(G23:G26) -> 136.32 | H21: =SUM(H23:H26) -> 63.07
B22: N° | C22: Longitud | D22: Ancho | E22: Área | F22: Cantidad | G22: Área Total
B23: 1 | C23: 5.95 | D23: 5.3 | E23: =+D23*C23 -> 31.535 | F23: 2 | G23: =+F23*E23 -> 63.07 | H23: =+G23 -> 63.07
B24: 2 | C24: 9.55 | D24: 6.35 | E24: =+D24*C24 -> 60.6425 | F24: 1 | G24: =+F24*E24 -> 60.6425
B25: 3 | C25: 4.05 | D25: 2.05 | E25: =+D25*C25 -> 8.3025 | F25: 1 | G25: =+F25*E25 -> 8.3025
B26: 4 | C26: 2.1 | D26: 2.05 | E26: =+D26*C26 -> 4.305 | F26: 1 | G26: =+F26*E26 -> 4.305
B28: 019.006. SUMINISTRO. TRANSPORTE E INSTALACION PINTURA SOBRE REVOQUE VINILO 3 MANOS SOBRE MURO (INCLUYE 1 MANO EN PINTURA TIPO 2 Y DOS MANOS EN PINTURA TIPO 1. FILOS Y DILATACIONES). COLOR SEGÚN DISEÑO POR ML | G28: =SUM(G30:G44) -> 817.8
B29: N° | C29: Descripción | D29: Altura | E29: Longitud | F29: Cantidad | G29: Longitud Total
B30: 1 | C30: Columnas - Frontal | D30: 2.5 | F30: 40 | G30: =+F30*D30 -> 100
B31: 2 | C31: Columnas - Laterales | D31: 2.5 | F31: 75 | G31: =+F31*D31 -> 187.5
B32: 3 | C32: Viga Superior | E32: 16.5 | F32: 2 | G32: =+F32*E32 -> 33
B33: 1 | C33: Columnas - Frontal | D33: 2.3 | F33: 14 | G33: =+F33*D33 -> 32.2
B34: 2 | C34: Columnas - Laterales | D34: 2.3 | F34: 26 | G34: =+F34*D34 -> 59.8
B35: 3 | C35: Viga Superior | E35: 13.55 | F35: 2 | G35: =+F35*E35 -> 27.1
B36: 1 | C36: Columnas - Frontal | D36: 3 | F36: 9 | G36: =+F36*D36 -> 27 | N36: =1.12+1.18+0.4 -> 2.7
B37: 2 | C37: Columnas - Laterales | D37: 3 | F37: 17 | G37: =+F37*D37 -> 51
B38: 3 | C38: Viga Superior | E38: 9 | F38: 2 | G38: =+F38*E38 -> 18
B39: 1 | C39: Columnas - Frontal | D39: 2.4 | F39: 20 | G39: =+F39*D39 -> 48
B40: 2 | C40: Columnas - Laterales | D40: 2.4 | F40: 38 | G40: =+F40*D40 -> 91.2
B41: 3 | C41: Viga Superior | E41: 20.5 | F41: 2 | G41: =+F41*E41 -> 41
B42: 1 | C42: Columnas - Frontal | D42: 2.2 | F42: 12 | G42: =+F42*D42 -> 26.4
B43: 2 | C43: Columnas - Laterales | D43: 2.2 | F43: 23 | G43: =+F43*D43 -> 50.6
B44: 3 | C44: Viga Superior | E44: 12.5 | F44: 2 | G44: =+F44*E44 -> 25
B46: 019.007. SUMINISTRO. TRANSPORTE E INSTALACION PINTURA SOBRE REVOQUE VINILO 3 MANOS SOBRE MURO (INCLUYE 1 MANO EN PINTURA TIPO 2 Y DOS MANOS EN PINTURA TIPO 1. FILOS Y DILATACIONES). COLOR SEGÚN DISEÑO POR M2 | G46: =SUM(G48:G62)+SUM(H48:H62) -> 221.8726
B47: N° | C47: Descripción | D47: Altura | E47: Ancho | F47: Cantidad | G47: Área
B48: 1 | C48: Antepechos | D48: 1.32 | E48: 0.82 | F48: 14 | G48: =+F48*E48*D48 -> 15.1536 | H48: -2
B49: 2 | C49: Antepecho | D49: 1.32 | E49: 2 | F49: 1 | G49: =+F49*E49*D49 -> 2.64 | H49: -2
B50: 3 | C50: Muro Lateral | D50: 3.5 | E50: 1.15 | F50: 1 | G50: =+F50*E50*D50 -> 4.025 | H50: -2
B51: 3 | C51: Muro Lateral | D51: 3.5 | E51: 1.6 | F51: 1 | G51: =+F51*E51*D51 -> 5.6 | H51: -2
B52: 1 | C52: Antepechos | D52: 1.12 | E52: 0.82 | F52: 13 | G52: =+F52*E52*D52 -> 11.9392 | H52: -2
B53: 3 | C53: Muro Lateral | D53: 3.5 | E53: 5.55 | F53: 1 | G53: =+F53*E53*D53 -> 19.425 | H53: -2
B54: 3 | C54: Muro Lateral | D54: 3.5 | E54: 2.5 | F54: 1 | G54: =+F54*E54*D54 -> 8.75 | H54: -2
B55: 1 | C55: Antepechos | D55: 1.82 | E55: 0.82 | F55: 9 | G55: =+F55*E55*D55 -> 13.4316 | H55: -2
B56: 1 | C56: Antepechos | D56: 1.22 | E56: 0.82 | F56: 16 | G56: =+F56*E56*D56 -> 16.0064 | H56: -2
B57: 2 | C57: Antepechos | D57: 1.22 | E57: 2 | F57: 1 | G57: =+F57*E57*D57 -> 2.44 | H57: -2
B58: 1 | C58: Antepechos | D58: 1.02 | E58: 0.82 | F58: 12 | G58: =+F58*E58*D58 -> 10.0368 | H58: -2
B59: 1 | C59: Antepechos | D59: 4.5 | E59: 24.95 | F59: 1 | G59: =+F59*E59*D59 -> 112.275 | H59: -2
... B62: 3 | C62: Muro Interior | D62: 4 | E62: 3.35 | F62: 1 | G62: =+F62*E62*D62 -> 13.4 | H62: -2
B64: 032.024. LIMPIEZA DE CANALES | J64: =SUM(J66:J67) -> 102.65
B65: N° | C65: Longitud | D65: N° | E65: Longitud | F65: N° | G65: Longitud | H65: N° | I65: Longitud | J65: Longitud Total
B66: 1 | C66: 20.5 | D66: 2 | E66: 16.5 | F66: 3 | G66: 13.55 | H66: 4 | I66: 9 | J66: 59.55
B67: 5 | C67: 7.05 | D67: 6 | E67: 10.05 | F67: 7 | G67: 15 | H67: 8 | I67: 11 | J67: 43.1
B69: 032.037. SUMINISTRO. TRANSPORTE E INSTALACION CUBIERTA POLICARBONATO ALVEOLAR 6MM | G69: =SUM(G71:G73) -> 164.38
B70: N° | C70: Longitud | D70: Ancho | E70: Área | F70: Cantidad | G70: Área Total
B71: 1 | C71: 7.3 | D71: 5.91 Ml | E71: 43.14 | F71: 2 | G71: 86.28
B72: D | C72: 20.5 | D72: 2.2 | E72: 45.1 | F72: 1 | G72: 45.1
B73: E | C73: 15 | D73: 2.2 | E73: 33 | F73: 1 | G73: 33
